R - U22
YUMA GNOMES @ DAYTONA BEACH HURRICANES
08/28/2052
 
TOP OF THE 1ST
Oviedo Catch batting - Pitching for Boca Raton Buccaneers : RHP Zane Goettl
Pitching: RHP Zane Goettl
Batting: RHB Jude Hart 0-0: Ball
1-0: Called Strike
1-1: Foul Ball, location: 2F
1-2: Fly out, F9 (Flyball, 89S, EV 89.4 MPH)
Batting: RHB Dean John 0-0: Ball
1-0: Foul Ball, location: 2F
1-1: Ground out 6-3 (Groundball, 56, EV 93.1 MPH)
Batting: LHB Peanut Jackson 0-0: Ball
1-0: Swinging Strike
1-1: Ball
2-1: Called Strike
2-2: Foul Ball, location: 2F
2-2: Ball
3-2: Foul Ball, location: 2F
3-2: Fly out, F4 (Flyball, 4D, EV 70.0 MPH)
Top of the 1st over - 0 runs, 0 hits, 0 errors, 0 left on base; Oviedo 0 - Boca Raton 0
BOTTOM OF THE 1ST
Boca Raton Buccaneers batting - Pitching for Oviedo Catch : LHP Pedro Maestas
Pitching: LHP Pedro Maestas
Batting: RHB David Stubbs 0-0: Ball
1-0: Called Strike
1-1: Ball
2-1: Foul Ball, location: 2F
2-2: SINGLE (Groundball, 5S, EV 68.1 MPH) (infield hit)
Batting: RHB Nick Carignan 0-0: Ball
1-0: Ball
2-0: Foul Ball, location: 2F
2-1: SINGLE (Line Drive, 8RS, EV 95.6 MPH)
David Stubbs to second
Runner from 2nd tries for 3rd, SAFE, no throw by CF
Batting: RHB Von Salaiz 0-0: Ball
1-0: Called Strike
1-1: Ball
2-1: Ball
3-1: Reached on error, E4 (Groundball, 4S, EV 75.6 MPH)
David Stubbs scores
Nick Carignan to third
Batting: LHB Armon King 0-0: Called Strike
0-1: Ball
1-1: Ball
2-1: Called Strike
2-2: Strikes out swinging
Batting: RHB Yadiel Beltre 0-0: SINGLE (Groundball, 6MD, EV 95.6 MPH)
Nick Carignan scores
Von Salaiz to third
Batting: RHB Santiago Paz 0-0: Ball
1-0: Called Strike
1-1: Called Strike
1-2: Fly out, F4 (Popup, 4D, EV 65.0 MPH)
Batting: RHB Will Ortuno 0-0: Ball
1-0: Ball
2-0: Ball
3-0: Fly out, F7 (Flyball, 7S, EV 92.5 MPH)
Bottom of the 1st over - 2 runs, 3 hits, 1 error, 2 left on base; Oviedo 0 - Boca Raton 2
TOP OF THE 2ND
Oviedo Catch batting - Pitching for Boca Raton Buccaneers : RHP Zane Goettl
Batting: RHB J.J. Giron 0-0: Called Strike
0-1: Fly out, F9 (Flyball, 9LM, EV 89.4 MPH)
Batting: LHB Joachin Casias 0-0: Ball
1-0: Called Strike
1-1: Foul Ball, location: 2F
1-2: Ground out U3 (Groundball, 13, EV 83.1 MPH)
Batting: LHB Emilio Díaz 0-0: Ball
1-0: Called Strike
1-1: Foul Ball, location: 2F
1-2: Fly out, F9 (Flyball, 89D, EV 91.9 MPH)
Top of the 2nd over - 0 runs, 0 hits, 0 errors, 0 left on base; Oviedo 0 - Boca Raton 2
BOTTOM OF THE 2ND
Boca Raton Buccaneers batting - Pitching for Oviedo Catch : LHP Pedro Maestas
Batting: RHB London Fairfield 0-0: Called Strike
0-1: Ball
1-1: Foul Ball, location: 2F
1-2: Foul Ball, location: 2F
1-2: Foul Ball, location: 2F
1-2: Ground out 5-3 (Groundball, 56, EV 86.2 MPH)
Batting: RHB Isaac Davis 0-0: Called Strike
0-1: Ball
1-1: Ball
2-1: Fly out, F8 (Flyball, 8LD, EV 104.4 MPH)
Batting: RHB David Stubbs 0-0: Ball
1-0: Swinging Strike
1-1: Ball
2-1: Ball
3-1: Foul Ball, location: 2F
3-2: Ground out 5-3 (Groundball, 56S, EV 61.9 MPH)
Bottom of the 2nd over - 0 runs, 0 hits, 0 errors, 0 left on base; Oviedo 0 - Boca Raton 2
TOP OF THE 3RD
Oviedo Catch batting - Pitching for Boca Raton Buccaneers : RHP Zane Goettl
Batting: RHB Japhet Futral 0-0: Foul Ball, location: 2F
0-1: Ground out 6-3 (Groundball, 6M, EV 98.1 MPH)
Batting: RHB Jimmy Dean 0-0: Called Strike
0-1: DOUBLE (Line Drive, 8LXD, EV 112.5 MPH)
Batting: LHB Lucas Evans 0-0: Ball
1-0: Ball
2-0: Foul Ball, location: 2F
2-1: Swinging Strike
2-2: Strikes out swinging
Batting: RHB Jude Hart 0-0: Ball
1-0: Called Strike
1-1: Swinging Strike
1-2: Foul Ball, location: 2F
1-2: Foul Ball, location: 2F
1-2: Ball
2-2: Ball
3-2: Fly out, F2 (Popup, 2R, EV 90.0 MPH)
Top of the 3rd over - 0 runs, 1 hit, 0 errors, 1 left on base; Oviedo 0 - Boca Raton 2
BOTTOM OF THE 3RD
Boca Raton Buccaneers batting - Pitching for Oviedo Catch : LHP Pedro Maestas
Batting: RHB Nick Carignan 0-0: Ball
1-0: Foul Ball, location: 2F
1-1: Ball
2-1: SINGLE (Groundball, 56D, EV 103.1 MPH)
Batting: RHB Von Salaiz 0-0: Fly out, F3 (Line Drive, 3, EV 66.2 MPH)
Batting: LHB Armon King 0-0: Foul Ball, location: 2F
0-1: Ball
1-1: Foul Ball, location: 2F
1-2: Ball
2-2: Ground out U3 (Groundball, 34S, EV 66.9 MPH)
Nick Carignan to second
Batting: RHB Yadiel Beltre 0-0: SINGLE (Groundball, 56D, EV 101.2 MPH)
Nick Carignan to third
Runner from 3rd tries for Home, SAFE, throw by LF to home
Batting: RHB Santiago Paz 0-0: Fly out, F8 (Flyball, 8RM, EV 89.4 MPH)
Bottom of the 3rd over - 1 run, 2 hits, 0 errors, 1 left on base; Oviedo 0 - Boca Raton 3
TOP OF THE 4TH
Oviedo Catch batting - Pitching for Boca Raton Buccaneers : RHP Zane Goettl
Batting: RHB Dean John 0-0: Swinging Strike
0-1: Foul Ball, location: 2F
0-2: Ball
1-2: Ball
2-2: Strikes out swinging
Batting: LHB Peanut Jackson 0-0: SINGLE (Line Drive, 8RM, EV 90.0 MPH)
Batting: RHB J.J. Giron 0-0: Ball
1-0: Called Strike
1-1: Ball
2-1: Ball
3-1: Foul Ball, location: 2F
3-2: Strikes out looking
Batting: LHB Joachin Casias 0-0: Fly out, F4 (Popup, 4M, EV 65.0 MPH)
Top of the 4th over - 0 runs, 1 hit, 0 errors, 1 left on base; Oviedo 0 - Boca Raton 3
BOTTOM OF THE 4TH
Boca Raton Buccaneers batting - Pitching for Oviedo Catch : LHP Pedro Maestas
Batting: RHB Will Ortuno 0-0: Called Strike
0-1: Ball
1-1: Foul Ball, location: 2F
1-2: Ball
2-2: Fly out, F8 (Flyball, 89S, EV 77.5 MPH)
Batting: RHB London Fairfield 0-0: Ball
1-0: Ball
2-0: Ball
3-0: Called Strike
3-1: Base on Balls
Batting: RHB Isaac Davis 0-0: Ball
1-0: Ball
2-0: Called Strike
2-1: Foul Ball, location: 2F
2-2: Ball
3-2: Foul Ball, location: 2F
3-2: Base on Balls
London Fairfield to second
Batting: RHB David Stubbs 0-0: Called Strike
0-1: Foul Ball, location: 2F
0-2: Ball
1-2: Foul Ball, location: 2F
1-2: Foul Ball, location: 2F
1-2: Ball
2-2: Ball
3-2: Foul Ball, location: 2F
3-2: SINGLE (Groundball, 56D, EV 98.1 MPH)
London Fairfield to third
Isaac Davis to second
Batting: RHB Nick Carignan 0-0: Fly out, F8 (Line Drive, 8LM, EV 88.1 MPH)
Runner from 3rd tags up, SCORES, throw by CF
Batting: RHB Von Salaiz 0-0: Fielders Choice at 2nd, U4 (Groundball, 4M, EV 85.6 MPH)
Bottom of the 4th over - 1 run, 1 hit, 0 errors, 2 left on base; Oviedo 0 - Boca Raton 4
TOP OF THE 5TH
Oviedo Catch batting - Pitching for Boca Raton Buccaneers : RHP Zane Goettl
Batting: LHB Emilio Díaz 0-0: Ball
1-0: Foul Ball, location: 2F
1-1: Called Strike
1-2: Ball
2-2: Foul Ball, location: 2F
2-2: Ground out 5-3 (Groundball, 5, EV 78.1 MPH)
Batting: RHB Japhet Futral 0-0: Swinging Strike
0-1: Foul Ball, location: 2F
0-2: Foul Ball, location: 2F
0-2: Ground out 5-3 (Groundball, 56S, EV 83.1 MPH)
Batting: RHB Jimmy Dean 0-0: Ground out 6-3 (Groundball, 6, EV 79.4 MPH)
Top of the 5th over - 0 runs, 0 hits, 0 errors, 0 left on base; Oviedo 0 - Boca Raton 4
BOTTOM OF THE 5TH
Boca Raton Buccaneers batting - Pitching for Oviedo Catch : LHP Pedro Maestas
Batting: LHB Armon King 0-0: Fly out, F8 (Line Drive, 8LD, EV 88.8 MPH)
Batting: RHB Yadiel Beltre 0-0: Ball
1-0: Swinging Strike
1-1: Foul Ball, location: 2F
1-2: Ground out 6-3 (Groundball, 6, EV 107.5 MPH)
Batting: RHB Santiago Paz 0-0: Ball
1-0: Foul Ball, location: 2F
1-1: Called Strike
1-2: Ball
2-2: Ball
3-2: SINGLE (Groundball, 25, EV 65.6 MPH) (infield hit)
Pitching: RHP Lonnie McRae
Batting: RHB Will Ortuno 0-0: Ball
1-0: Ball
2-0: Fly out, F4 (Popup, 3D, EV 63.8 MPH)
Bottom of the 5th over - 0 runs, 1 hit, 0 errors, 1 left on base; Oviedo 0 - Boca Raton 4
TOP OF THE 6TH
Oviedo Catch batting - Pitching for Boca Raton Buccaneers : RHP Zane Goettl
Batting: LHB Lucas Evans 0-0: Ball
1-0: SINGLE (Groundball, 13, EV 82.5 MPH) (infield hit)
Batting: RHB Jude Hart 0-0: Ball
1-0: Called Strike
1-1: Swinging Strike
1-2: Ball
2-2: Strikes out swinging
Batting: RHB Dean John 0-0: Swinging Strike
0-1: Called Strike
0-2: Ball
1-2: Ball
2-2: Ball
3-2: Foul Ball, location: 2F
3-2: Fielders Choice at 2nd, 4-6 (Groundball, 4, EV 96.9 MPH)
Pitching: RHP Blake Hendrix
Batting: LHB Peanut Jackson 0-0: Called Strike
0-1: Ball
1-1: Fly out, F6 (Popup, 6, EV 61.9 MPH)
Top of the 6th over - 0 runs, 1 hit, 0 errors, 1 left on base; Oviedo 0 - Boca Raton 4
BOTTOM OF THE 6TH
Boca Raton Buccaneers batting - Pitching for Oviedo Catch : RHP Lonnie McRae
Batting: RHB London Fairfield 0-0: Ball
1-0: Called Strike
1-1: Ground out 4-3 (Groundball, 4M, EV 80.0 MPH)
Batting: RHB Isaac Davis 0-0: Ball
1-0: Foul Ball, location: 2F
1-1: Foul Ball, location: 2F
1-2: SINGLE (Line Drive, 8LS, EV 104.4 MPH)
Batting: RHB David Stubbs 0-0: Called Strike
0-1: Fielders Choice at 2nd, 5-4 (Groundball, 5, EV 85.0 MPH)
Batting: RHB Nick Carignan 0-0: Ball
David Stubbs steals 2nd base
1-0: Ball
2-0: Called Strike
2-1: Foul Ball, location: 2F
2-2: Strikes out swinging
Bottom of the 6th over - 0 runs, 1 hit, 0 errors, 1 left on base; Oviedo 0 - Boca Raton 4
TOP OF THE 7TH
Oviedo Catch batting - Pitching for Boca Raton Buccaneers : RHP Blake Hendrix
Batting: RHB J.J. Giron 0-0: Ball
1-0: Swinging Strike
1-1: Swinging Strike
1-2: Strikes out swinging
Batting: LHB Joachin Casias 0-0: Swinging Strike
0-1: Called Strike
0-2: Ball
1-2: Strikes out swinging
Batting: LHB Emilio Díaz 0-0: Fly out, F8 (Flyball, 89XD, EV 93.1 MPH)
Top of the 7th over - 0 runs, 0 hits, 0 errors, 0 left on base; Oviedo 0 - Boca Raton 4
BOTTOM OF THE 7TH
Boca Raton Buccaneers batting - Pitching for Oviedo Catch : RHP Lonnie McRae
Batting: RHB Von Salaiz 0-0: Called Strike
0-1: Swinging Strike
0-2: Strikes out looking
Batting: LHB Armon King 0-0: Ball
1-0: Ball
2-0: Swinging Strike
2-1: Called Strike
2-2: Strikes out swinging
Batting: RHB Yadiel Beltre 0-0: SINGLE (Line Drive, 7LS, EV 102.5 MPH)
Batting: RHB Santiago Paz 0-0: Called Strike
0-1: Fly out, F9 (Flyball, 9S, EV 90.0 MPH)
Bottom of the 7th over - 0 runs, 1 hit, 0 errors, 1 left on base; Oviedo 0 - Boca Raton 4
TOP OF THE 8TH
Oviedo Catch batting - Pitching for Boca Raton Buccaneers : RHP Blake Hendrix
Batting: RHB Japhet Futral 0-0: Ball
1-0: Called Strike
1-1: Ball
2-1: Swinging Strike
2-2: Strikes out swinging
Batting: RHB Jimmy Dean 0-0: Called Strike
0-1: Ball
1-1: SINGLE (Line Drive, 8LS, EV 95.6 MPH)
Batting: LHB Lucas Evans 0-0: Ball
1-0: Swinging Strike
1-1: Called Strike
1-2: Fielders Choice at 2nd, 6-4 (Groundball, 6, EV 88.1 MPH)
Batting: RHB Jude Hart 0-0: Called Strike
0-1: Ball
1-1: Ball
2-1: Swinging Strike
2-2: Strikes out looking
Top of the 8th over - 0 runs, 1 hit, 0 errors, 1 left on base; Oviedo 0 - Boca Raton 4
BOTTOM OF THE 8TH
Boca Raton Buccaneers batting - Pitching for Oviedo Catch : RHP Lonnie McRae
Batting: RHB Will Ortuno 0-0: Foul Ball, location: 2F
0-1: Ball
1-1: Ball
2-1: Called Strike
2-2: Ground out 6-3 (Groundball, 6M, EV 103.8 MPH)
Batting: RHB London Fairfield 0-0: Ball
1-0: Ground out U3 (Groundball, 3L, EV 88.8 MPH)
Batting: RHB Isaac Davis 0-0: Called Strike
0-1: Ball
1-1: Foul Ball, location: 2F
1-2: Foul Ball, location: 2F
1-2: Ball
2-2: Ball
3-2: Ground out 5-3 (Groundball, 56, EV 83.1 MPH)
Bottom of the 8th over - 0 runs, 0 hits, 0 errors, 0 left on base; Oviedo 0 - Boca Raton 4
TOP OF THE 9TH
Oviedo Catch batting - Pitching for Boca Raton Buccaneers : RHP Blake Hendrix
Batting: RHB Dean John 0-0: Called Strike
0-1: Ball
1-1: Reached on error, E5 (Groundball, 56, EV 95.0 MPH)
Pitching: RHP Millard Lucas
Batting: LHB Peanut Jackson 0-0: Ball
1-0: Called Strike
1-1: Fly out, F9 (Line Drive, 9, EV 90.6 MPH)
Batting: RHB J.J. Giron 0-0: Foul Ball, location: 2F
0-1: Ball
1-1: Ball
2-1: Foul Ball, location: 2F
2-2: SINGLE (Line Drive, 6D, EV 108.8 MPH)
Dean John to second
Pitching: RHP Vernon Karolyan
Batting: LHB Joachin Casias 0-0: Foul Ball, location: 2F
0-1: Ball
1-1: Grounds into double play, 3-6-3 (Groundball, 13, EV 86.2 MPH)
Top of the 9th over - 0 runs, 1 hit, 1 error, 1 left on base; Oviedo 0 - Boca Raton 4
Sunday, May 5th , 2024 - OOTP Baseball 24.11 Build 85